 Dungeon Crawl Stone Soup version 0.31.0-11-ge490571c62 (webtiles) character file.

Game seed: 2298168056118179171

41666 Ruich the Skirmisher (level 14, -11/90 HPs)
             Began as a Kobold Hexslinger on Jan 31, 2024.
             Was a High Priest of Dithmenos.
             Mangled by an orc warlord
             ... wielding a +2 battleaxe of freezing
              (14 damage)
             ... on level 11 of the Dungeon on Feb 1, 2024.
             The game lasted 01:34:46 (25602 turns).

Ruich the Skirmisher (Kobold Hexslinger)           Turns: 25602, Time: 01:34:46

Health: -11/90     AC: 16    Str: 10    XL:     14   Next: 51%
Magic:  25/25      EV: 17    Int: 15    God:    Dithmenos [*****.]
Gold:   780        SH: 10    Dex: 25    Spells: 6/28 levels left

rFire   . . .        k - +9 sling "Giym" {heavy, Str+3}
rCold   . . .        q - +0 buckler
rNeg    . . .        o - +0 swamp dragon scales
rPois   +            r - +3 helmet "Kuckagh" {Dex+5}
rElec   .            j - scarf {+Inv}
rCorr   .            (no gloves)
SInv    .            A - +0 pair of boots
Will    ++...        G - amulet of reflection
Stlth   ++++++++     W - ring of willpower
HPRegen 0.35/turn    T - +4 ring of protection
MPRegen 0.19/turn

%: reflection
@: wreathed by umbra
A: small, no large weapons, nightstalker 3
a: Renounce Religion, Evoke Invisibility, Shadow Step, Shadow Form


You were on level 11 of the Dungeon.
You worshipped Dithmenos.
Dithmenos was extremely pleased with you.
You visited 4 branches of the dungeon, and saw 18 of its levels.

You collected 1308 gold pieces.
You spent 528 gold pieces at shops.


Innate Abilities, Weirdness & Mutations

You are small and have problems with some larger weapons.
You are completely attuned to the shadows.


   Skills:
 + Level 11.1 Fighting
 * Level 14.2 Ranged Weapons
 + Level 6.6 Dodging
 + Level 8.9 Stealth
 - Level 7.9 Spellcasting
 - Level 10.5 Hexes
 - Level 11.1 Translocations
 - Level 1.0 Fire Magic
 - Level 4.0 Alchemy
 - Level 4.0 Invocations


You had 6 spell levels left.
You knew the following spells:

 Your Spells              Type           Power      Damage    Failure   Level
c - Cause Fear            Hex            18%        N/A       6%          4
d - Tukima's Dance        Hex            37%        N/A       1%          3
u - Passage of Golubria   Tloc           39%        N/A       4%          4
x - Dimensional Bullseye  Hex/Tloc       19%        N/A       5%          4
B - Blink                 Tloc           78%        N/A       1%          2
Y - Yara's Violent Unrav  Hex/Alch       13%        3d7       56%         5

Your spell library contained the following spells:

 Spells                   Type           Power      Damage    Failure   Level
 Apportation              Tloc           78%        N/A       1%          1
 Jinxbite                 Hex            74%        N/A       1%          2
 Lesser Beckoning         Tloc           78%        N/A       1%          2
 Sigil of Binding         Hex            37%        N/A       1%          3
 Momentum Strike          Conj/Tloc      44%        3d9       8%          2
 Inner Flame              Hex/Fire       23%        N/A       14%         3
 Cigotuvi's Dreadful Rot  Necr/Alch/Air  18%        N/A       41%         2
 Sandblast                Erth           10%        2d5       45%         1
 Summon Small Mammal      Summ           20%        N/A       45%         1
 Call Canine Familiar     Summ           5%         N/A       83%         3
 Passwall                 Erth           5%         N/A       83%         3
 Stone Arrow              Conj/Erth      10%        3d7       83%         3
 Silence                  Hex/Air        10%        N/A       83%         5
 Alistair's Intoxication  Alch           11%        N/A       95%         5
 Summon Blazeheart Golem  Fire/Summ      7%         N/A       98%         4
 Brom's Barrelling Bould  Conj/Erth      5%         2d3       99%         4
 Dispel Undead            Necr           5%         3d7       99%         4
 Martyr's Knell           Necr/Summ      5%         N/A       99%         4
 Death Channel            Necr           2%         N/A       100%        6
 Lehudib's Crystal Spear  Conj/Erth      2%         10d2      100%        8

Inventory:

Hand Weapons
 k - the +9 sling "Giym" (weapon) {heavy, Str+3}
   (You found it on level 2 of the Dungeon)

   Str+3:     It affects your strength (+3).
 p - the +7 Throatcutter {drain, coup de grace}
   (You found it on level 3 of the Dungeon)
 y - a +0 arbalest of chaos
 C - a +0 demon whip of venom
 K - the +11 spear of Domination {elec, rElec Int+3}
   (You found it on level 9 of the Dungeon)

   Int+3:     It affects your intelligence (+3).
   rElec:     It insulates you from electricity.
Missiles
 u - a throwing net {=f}
Armour
 b - a +1 robe of fire resistance
 c - the +0 cloak of Forking Paths {Rampage rN+ Dex+3}
   (You found it on level 10 of the Dungeon)

   Dex+3:     It affects your dexterity (+3).
   rN+:       It protects you from negative energy.
   Rampage:   It bestows one free step when moving towards enemies.
 j - a scarf of invisibility (worn)
 l - a +2 cloak of poison resistance
 o - +0 swamp dragon scales (worn)
 q - a +0 buckler (worn)
 r - the +3 helmet "Kuckagh" (worn) {Dex+5}
   (You acquired it on level 10 of the Dungeon)

   Dex+5:     It affects your dexterity (+5).
 A - a +0 pair of boots (worn)
Jewellery
 f - a ring of fire
 v - a ring of see invisible
 G - an amulet of reflection (around neck)
 L - a ring of flight
 S - a +6 ring of strength
 T - a +4 ring of protection (right hand)
 W - a ring of willpower (left hand)
Wands
 a - a wand of light (11)
 i - a wand of polymorph (7)
 w - a wand of paralysis (29)
 N - a wand of iceblast (10)
 R - a wand of digging (3)
 U - a wand of flame (7)
Scrolls
 e - 2 scrolls of poison
 n - a scroll of revelation
 B - 3 scrolls of amnesia
 E - 3 scrolls of vulnerability
 I - 3 scrolls of teleportation {@r2}
 J - 2 scrolls of blinking
 Q - a scroll of butterflies
Potions
 d - 6 potions of lignification
 g - 6 potions of curing {@q1}
 h - a potion of berserk rage {!q}
 m - 3 potions of might
 s - 2 potions of mutation
 x - 2 potions of magic
 z - 3 potions of enlightenment
 F - a potion of attraction
 H - 2 potions of brilliance
 O - a potion of haste {@q3}

Dungeon Overview and Level Annotations

Branches:
Dungeon (11/15)            Temple (1/1) D:5            Lair (5/5) D:10
  Swamp (0/4) Lair:3       Spider (0/4) Lair:3        Slime (0/5) Lair:4
    Orc (1/2) D:11

Altars:
Ashenzari
Cheibriados
Dithmenos
Elyvilon
Fedhas
Gozag
Hepliaklqana
Kikubaaqudgha
Makhleb
Nemelex Xobeh
Okawaru
Qazlal
Ru
Sif Muna
Trog
Uskayaw
Vehumet
Wu Jian
Xom
Yredelemnul
Zin
The Shining One

Shops:
D:4 :

Annotations:
Lair:3 Rupert

.... .... .... ###
### ######
#######8###8###8###.
#≈≈≈.#...#...#...#..
#≈≈[[#..............
#≈§oo'..............
#≈§@§#..............
#§§§§#...#...#...#..
#######.###8###8###8
### ### ### ##


You could see an orc warlord (strong) and an orc knight (strong).


Message History

Aiming: Tukima's Dance (safe; 1% risk of failure)
Press: ? - help, Shift-Dir - straight line, f/p - orc warlord
Aim: an orc warlord, wielding a +2 battleaxe of freezing and wearing a +0 plate armour (strong, umbra, chance to affect: 29%)
Okay, then.
Unknown command.
Unknown command.
You shoot a sling bullet.
The sling bullet hits the orc warlord but does no damage.
The orc warlord roars a battlecry!
The orc knight goes into a battle-frenzy!
You shoot a sling bullet.
The sling bullet hits the orc warlord but does no damage.
Unknown command.
The orc knight hits you with a +0 dire flail!
You block the orc warlord's attack.
You climb upwards.
Welcome back to the Dungeon!
There is a staircase to the Orcish Mines, spattered with blood here.
Unknown command.
The orc warlord hits you with a +2 battleaxe of freezing!
The orc warlord freezes you.
The orc knight attacks as it pursues you!
The orc knight hits you with a +0 dire flail!
Unknown command.
You shoot a sling bullet.
The sling bullet closely misses the orc knight.
The orc warlord hits you with a +2 battleaxe of freezing!!!
Ouch! That really hurt!
* * * LOW HITPOINT WARNING * * *
You emit a cloud of dark smoke.
The orc warlord freezes you!
You die...

Skill      XL: |  1  2  3  4  5  6  7  8  9 10 11 12 13 14 |
---------------+-------------------------------------------+-----
Stealth        | 1 2 3 4 5 7 8 |  8.9
Ranged Weapons | 3 4 5 6 7 9 11 14 | 14.2
Fighting       | 2 3 5 6 9 10 11 | 11.1
Invocations    | 1 3 4 |  4.0
Dodging        | 3 4 6 |  6.6
Hexes          | 4 8 9 10 | 10.5
Translocations | 1 4 7 10 11 | 11.1
Spellcasting   | 5 6 7 |  7.9
Alchemy        | 4 |  4.0
Fire Magic     | |  1.0

Action                     |  1- 3 |  4- 6 |  7- 9 | 10-12 | 13-15 || total
---------------------------+-------+-------+-------+-------+-------++-------
  Melee: Short sword       |     8 |       |       |       |       ||     8
         Punch             |     1 |       |       |       |       ||     1
   Fire: Sling             |    74 |   105 |   170 |   444 |   527 ||  1320
         Arbalest          |       |       |       |       |    41 ||    41
   Cast: Blink             |       |       |       |     3 |    15 ||    18
         Cause Fear        |       |       |       |     2 |     9 ||    11
         Passage of Golubr |       |       |       |     2 |     5 ||     7
         Dimensional Bulls |       |       |       |     1 |       ||     1
         Tukima's Dance    |       |       |       |       |     8 ||     8
  Evoke: Wand              |       |       |     1 |     1 |     6 ||     8
    Use: Scroll            |     1 |     8 |     5 |    10 |     8 ||    32
         Potion            |       |       |     1 |     1 |     4 ||     6
 Armour: Robe              |    16 |     1 |       |     1 |       ||    18
         Scale mail        |       |    43 |    71 |       |       ||   114
         Chain mail        |       |       |    23 |       |       ||    23
         Steam dragon scal |       |       |     2 |   115 |    68 ||   185
         Swamp dragon scal |       |       |       |       |   212 ||   212
         Skin              |       |       |       |       |    22 ||    22
  Dodge: Dodged            |    33 |    42 |    51 |   156 |   380 ||   662
  Block: Buckler           |       |    15 |    37 |   116 |   284 ||   452
         Reflection        |       |       |       |     8 |     4 ||    12
         Other             |       |       |       |       |    18 ||    18

Levels and vault maps discovered:
D:1:      lemuel_arrival_cross, layout_loops_corners
D:2:      layout_loops_corners
D:3:      layout_loops_cross, dreamdust_ecumenical_altar_hidden_monk_grotto
D:4:      layout_loops_ring, minmay_shop_grid_forest,
          kennysheep_generic_room_14, uniq_robin, uniq_crazy_yiuf_cottage,
          uniq_menkaure
D:5:      layout_basic, minmay_temple_entry_enclosed_plants, uniq_pikel,
          uniq_prince_ribbit1
D:6:      layout_basic, grunt_decor_arrowhead
D:7:      layout_basic, jmf_multi_god_temple, grunt_temple_overflow_open,
          grunt_decor_junction
D:8:      cheibrodos_quashed, layout_basic, amethyst_overflow_temple_binary,
          nicolae_uskayaw_dance_studio, minmay_chambers_of_fives
D:9:      nicolae_cairo_tiling_very_big, layout_rooms, amcnicky_altar_gilded,
          nemelex_altar_shiori
D:10:     layout_rooms, due_lair_maze_entry_diamond, minmay_lindwurm_lava,
          uniq_josephine
D:11:     layout_rooms, david_orc_4, serial_ice, serial_ice_g, serial_ice_b,
          serial_ice_c, serial_ice_h, serial_ice_e, serial_ice_a
Temple:   minmay_temple_bridge_abc
Lair:1:   layout_long_grid, grunt_forest_large_clearing_hut, lemuel_fruit_tree
Lair:2:   layout_cave_pods, lemuel_oklob_altar, uniq_amaemon
Lair:3:   layout_layer_cave, mainiacjoe_swamp_entry_lozenge_pond,
          dummy_spider_entry, basic_altar, nicolae_lair_lakeside_cave,
          uniq_nessos, uniq_rupert
Lair:4:   layout_hall_layers, nicolae_slime_entry_slimehenge,
          serial_bayou_shore_a
Lair:5:   wormcave, layout_hall_layers, guppyfry_lair_end_dragon,
          portal_ice_cave_entry_ice_simulacra,
          gammafunk_ghost_berserking_beasts, nicolae_lair_lindhole
Orc:1:    layout_caves, ebering_ghost_disaster_area, minmay_orc_treasury

Notes
Turn   | Place    | Note
-------+----------+-------------------------------------------
     0 | D:1      | Ruich the Kobold Hexslinger began the quest for the Orb.
     0 | D:1      | Reached XP level 1. HP: 12/12 MP: 2/2
   387 | D:1      | Reached skill level 1 in Stealth
   390 | D:1      | Reached skill level 3 in Ranged Weapons
   390 | D:1      | Reached XP level 2. HP: 13/16 MP: 3/3
   876 | D:1      | Reached XP level 3. HP: 19/20 MP: 4/4
   967 | D:1      | Reached skill level 2 in Stealth
  1324 | D:2      | Reached XP level 4. HP: 12/25 MP: 5/5
  1471 | D:2      | Identified the +9 sling "Giym" {heavy, Str+3}
  1714 | D:2      | Reached skill level 4 in Ranged Weapons
  2522 | D:3      | Reached skill level 3 in Stealth
  2745 | D:3      | Reached XP level 5. HP: 29/29 MP: 6/6
  3133 | D:3      | Found the +7 Throatcutter {drain, coup de grace}
  3443 | D:3      | Found a faded altar of an unknown god.
  3754 | D:4      | Noticed Robin
  3757 | D:4      | Killed Robin
  3758 | D:4      | Reached skill level 5 in Ranged Weapons
  3791 | D:4      | Reached skill level 2 in Fighting
  3992 | D:4      | Found Yzikanuc's Book Boutique.
  4134 | D:4      | Reached XP level 6. HP: 35/35 MP: 7/7
  4200 | D:4      | Noticed Menkaure
  4205 | D:4      | Killed Menkaure
  4206 | D:4      | Reached skill level 6 in Ranged Weapons
  4206 | D:4      | Reached skill level 4 in Stealth
  4654 | D:4      | Reached skill level 3 in Fighting
  4654 | D:4      | Reached XP level 7. HP: 41/41 MP: 8/8
  4662 | D:4      | Found a runed translucent door.
  4665 | D:4      | Noticed Crazy Yiuf
  4667 | D:4      | Killed Crazy Yiuf
  5038 | D:5      | Entered Level 5 of the Dungeon
  5073 | D:5      | Reached skill level 5 in Stealth
  5094 | D:5      | Noticed Pikel
  5144 | D:4      | Reached skill level 7 in Ranged Weapons
  5610 | D:5      | Found a staircase to the Ecumenical Temple.
  5616 | Temple   | Entered the Ecumenical Temple
  5670 | Temple   | Became a worshipper of Dithmenos the Shadowed
  5736 | D:5      | Noticed Prince Ribbit
  5742 | D:5      | Killed Prince Ribbit
  5743 | D:5      | Reached skill level 1 in Invocations
  5743 | D:5      | Reached XP level 8. HP: 33/48 MP: 9/9
  5760 | D:5      | Reached skill level 4 in Fighting
  6033 | D:5      | Reached skill level 8 in Ranged Weapons
  6037 | D:5      | Reached skill level 6 in Stealth
  6123 | D:5      | Reached skill level 2 in Invocations
  6429 | D:5      | Killed Pikel
  6430 | D:5      | Reached skill level 5 in Fighting
  6430 | D:5      | Reached skill level 9 in Ranged Weapons
  6430 | D:5      | Reached skill level 7 in Stealth
  6430 | D:5      | Reached skill level 3 in Invocations
  6430 | D:5      | Reached XP level 9. HP: 36/54 MP: 9/11
  6791 | D:6      | Identified the beast talisman "Owuowex" {rPois Str+2
                  | Slay+5}
  7086 | D:6      | Reached skill level 10 in Ranged Weapons
  7225 | D:6      | Reached skill level 4 in Invocations
  7340 | D:6      | Reached skill level 6 in Fighting
  7447 | D:6      | Reached * piety under Dithmenos
  7856 | D:6      | Reached skill level 11 in Ranged Weapons
  8096 | D:7      | Found a glowing golden altar of the Shining One.
  8099 | D:7      | Found a sacrificial altar of Ru.
  8162 | D:7      | Reached skill level 3 in Dodging
  8342 | D:7      | Reached skill level 4 in Hexes
  8507 | D:7      | Found an ancient bone altar of Kikubaaqudgha.
  8515 | D:7      | Reached XP level 10. HP: 55/61 MP: 13/13
  8538 | D:7      | Found an iron altar of Okawaru.
  8542 | D:7      | Found a hazy altar of Hepliaklqana.
  8819 | D:7      | Reached skill level 12 in Ranged Weapons
  9085 | D:8      | Reached skill level 7 in Fighting
  9089 | D:8      | Reached ** piety under Dithmenos
  9106 | D:8      | Reached skill level 13 in Ranged Weapons
  9287 | D:8      | Found a stormy altar of Qazlal.
  9294 | D:8      | Found an ornate altar of the Wu Jian Council.
  9501 | D:8      | Reached skill level 8 in Fighting
  9647 | D:8      | Reached skill level 14 in Ranged Weapons
  9985 | D:8      | Reached skill level 9 in Fighting
  9987 | D:8      | Found a hide-covered altar of Uskayaw.
 10142 | D:9      | Learned a level 4 spell: Dimensional Bullseye
 10147 | D:9      | Learned a level 4 spell: Cause Fear
 10275 | D:4      | Bought Great Wizards, Vol. VII for 330 gold pieces
 10279 | D:4      | Learned a level 3 spell: Tukima's Dance
 10582 | D:9      | Found a sparkling altar of Nemelex Xobeh.
 10723 | D:9      | Reached skill level 1 in Translocations
 10736 | D:9      | Reached XP level 11. HP: 71/71 MP: 14/14
 10771 | D:9      | Reached skill level 2 in Spellcasting
 10788 | D:9      | Reached skill level 5 in Hexes
 10797 | D:9      | Reached skill level 2 in Translocations
 10934 | D:9      | Reached *** piety under Dithmenos
 10987 | D:9      | Identified the +11 spear of Domination {elec, rElec Int+3}
 11039 | D:9      | Found a shimmering altar of Xom.
 11140 | D:9      | Reached skill level 3 in Spellcasting
 11147 | D:9      | Reached skill level 6 in Hexes
 11155 | D:9      | Noticed a two-headed ogre
 11428 | D:9      | Killed a two-headed ogre
 11429 | D:9      | Reached skill level 3 in Translocations
 11520 | D:10     | Entered Level 10 of the Dungeon
 11526 | D:10     | Identified a scroll of acquirement
 11526 | D:10     | Acquired the +3 helmet "Kuckagh" {Dex+5}
 11577 | D:10     | Identified the +0 cloak of Forking Paths {Rampage rN+
                  | Dex+3}
 11640 | D:10     | Reached skill level 7 in Hexes
 11654 | D:10     | Reached skill level 4 in Spellcasting
 11657 | D:10     | Noticed Josephine
 11666 | D:9      | Killed Josephine
 11667 | D:9      | Reached skill level 4 in Translocations
 11969 | D:10     | Reached skill level 8 in Hexes
 12108 | D:10     | Found a staircase to the Lair.
 12127 | D:10     | Reached skill level 5 in Spellcasting
 12149 | D:10     | Reached XP level 12. HP: 76/76 MP: 19/19
 12161 | D:10     | Learned a level 4 spell: Passage of Golubria
 12430 | D:10     | Reached skill level 5 in Translocations
 12861 | D:10     | Reached skill level 9 in Hexes
 13593 | D:4      | Bought a book of Spatial Translocations for 198 gold pieces
 13596 | D:4      | Learned a level 2 spell: Blink
 13816 | Lair:1   | Entered Level 1 of the Lair of Beasts
 13931 | Lair:1   | Reached skill level 6 in Spellcasting
 13931 | Lair:1   | Reached skill level 6 in Translocations
 14524 | Lair:1   | Noticed a skyshark
 14556 | Lair:1   | Killed a skyshark
 15364 | Lair:2   | Reached skill level 7 in Translocations
 15448 | Lair:2   | Reached **** piety under Dithmenos
 15523 | Lair:2   | Found a blossoming altar of Fedhas.
 15622 | Lair:2   | Noticed Amaemon
 15768 | Lair:2   | Killed Amaemon
 15865 | Lair:2   | Reached XP level 13. HP: 82/82 MP: 23/23
 15874 | Lair:2   | Learned a level 5 spell: Yara's Violent Unravelling
 16441 | Lair:3   | Noticed a four-headed hydra
 16449 | Lair:2   | Killed a four-headed hydra
 16450 | Lair:2   | Reached skill level 10 in Fighting
 16450 | Lair:2   | Reached skill level 7 in Spellcasting
 16492 | Lair:2   | Reached skill level 1 in Alchemy
 16601 | Lair:3   | Reached skill level 8 in Translocations
 16691 | Lair:3   | Noticed Nessos
 16698 | Lair:3   | Killed Nessos
 16883 | Lair:3   | Noticed Rupert
 16959 | Lair:3   | Found a hole to the Spider Nest.
 17048 | Lair:3   | Reached skill level 2 in Alchemy
 17061 | Lair:3   | Reached skill level 8 in Stealth
 17753 | Lair:3   | Reached skill level 9 in Translocations
 17964 | Lair:3   | Found an opulent altar of Gozag.
 18002 | Lair:3   | Reached skill level 3 in Alchemy
 18283 | Lair:3   | Noticed an alligator
 18283 | Lair:3   | Noticed an alligator
 18299 | Lair:3   | Killed an alligator
 18348 | Lair:3   | HP: 7/82 [alligator (9)]
 18589 | Lair:3   | Found a staircase to the Swamp.
 18627 | Lair:3   | Killed an alligator
 18939 | Lair:3   | Noticed an alligator
 18963 | Lair:3   | Killed an alligator
 18964 | Lair:3   | Reached skill level 4 in Dodging
 18965 | Lair:3   | Reached ***** piety under Dithmenos
 19573 | Lair:4   | Reached skill level 4 in Alchemy
 19844 | Lair:4   | Found a staircase to the Slime Pits.
 20093 | Lair:4   | Reached skill level 10 in Hexes
 20109 | Lair:4   | Reached skill level 10 in Translocations
 20120 | Lair:4   | Reached XP level 14. HP: 75/88 MP: 25/25
 20312 | Lair:4   | Reached skill level 5 in Dodging
 20671 | Lair:5   | Entered Level 5 of the Lair of Beasts
 21442 | Lair:4   | HP: 1/88 [torpor snail (15)]
 22707 | Lair:4   | Found a staircase to the Slime Pits.
 23772 | D:11     | Reached skill level 6 in Dodging
 24074 | D:11     | Reached skill level 11 in Translocations
 24144 | D:11     | Found a staircase to the Orcish Mines.
 24262 | D:11     | Reached skill level 11 in Fighting
 25059 | Orc:1    | Entered Level 1 of the Orcish Mines
 25594 | Orc:1    | Noticed an orc warlord
 25602 | D:11     | HP: 3/90 [orc warlord/+2 battleaxe of freezing (46)]
 25602 | D:11     | Mangled by an orc warlord

Vanquished Creatures
  Josephine (D:9)
  3 alligators (Lair:3)
  2 hydras
  A two-headed ogre (D:9)
  A death yak (D:11)
  Amaemon (Lair:2)
  2 skysharks
  A swamp dragon (Lair:3)
  Pikel (D:5)
  5 lindwurms
  An orc knight (D:11)
  An ugly thing (D:10)
  An oklob plant (Lair:2)
  7 black mambas
  An orange demon (Lair:2)
  4 elephants
  2 torpor snails
  8 cane toads
  6 rime drakes
  9 komodo dragons
  4 trolls
  3 polar bears
  4 blink frogs (Lair:3)
  A tyrant leech (Lair:5)
  4 hornets
  Prince Ribbit (D:5)
  A shadow (D:10)
  2 centaur simulacra (D:11)
  A spriggan (Lair:1)
  6 wraiths
  26 yaks
  2 vampire mosquitoes (D:8)
  2 basilisks
  2 steam dragons
  3 wargs (D:11)
  Menkaure (D:4)
  An acid dragon (D:9)
  22 water moccasins
  An ice beast (D:11)
  4 black bears
  17 orc warriors
  3 ogres
  6 centaurs
  10 wolves
  2 lemures
  A phantom (D:4)
  15 bullfrogs
  2 gnoll sergeants
  4 kobold brigands
  4 scorpions
  7 wights
  6 killer bees (D:8)
  4 electric eels
  2 howler monkeys
  2 bombardier beetles
  2 hounds
  A gnoll bouda (D:8)
  4 orc priests
  4 jellies
  Crazy Yiuf (D:4)
  2 iguanas (D:6)
  2 sleepcaps
  2 hell rats
  11 orc wizards
  2 polar bear simulacra (Lair:5)
  3 wolf simulacra (Lair:5)
  A boggart simulacrum (D:11)
  Robin (D:4)
  18 gnolls
  5 adders
  5 white imps
  2 ufetubi
  A ribbon worm (D:5)
  A dart slug (D:2)
  40 orcs
  4 bats
  15 endoplasms
  3 giant cockroaches
  9 goblins
  12 hobgoblins
  12 jackals
  29 kobolds
  4 quokkas
  5 ball pythons
  A frilled lizard (D:2)
  3 rats
439 creatures vanquished.

Vanquished Creatures (collateral kills)
  Nessos (Lair:3)
1 creature vanquished.

Vanquished Creatures (others)
  A dancing weapon (D:11)
  An orc zombie (Orc:1)
2 creatures vanquished.

Grand Total: 442 creatures vanquished

Table legend: (Time is in decaauts)
 A = Elapsed time spent in this place.
 B = Non-inter-level travel time spent in this place.
 C = Inter-level travel time spent in this place.
 D = Time resting spent in this place.
 E = Time spent auto-exploring this place.
 F = Levels seen in this place.
 G = Mean time per level.
                   A        B        C        D        E       F      G
               +--------+--------+--------+--------+--------+-----+--------+
         Total |  26159 |  24795 |   1364 |   7931 |  12358 |  18 | 1453.3 |
       Dungeon |  15754 |  14737 |   1017 |   4823 |   7201 |  11 | 1432.2 |
        Temple |     74 |     74 |      0 |      0 |      0 |   1 |   74.0 |
          Lair |  10107 |   9762 |    345 |   2997 |   5157 |   5 | 2021.4 |
  Orcish Mines |    222 |    222 |      0 |    111 |      0 |   1 |  222.0 |
               +--------+--------+--------+--------+--------+-----+--------+

Top non-repeatable levels by time:
  Lair:4: 3598 daAuts
  Lair:3: 2606 daAuts
    D:10: 2172 daAuts
  Lair:2: 1938 daAuts
     D:4: 1854 daAuts
     D:5: 1556 daAuts
     D:9: 1516 daAuts
     D:6: 1506 daAuts
  Lair:1: 1406 daAuts
     D:1: 1369 daAuts
     D:8: 1350 daAuts
     D:3: 1307 daAuts
     D:2: 1083 daAuts
    D:11: 1025 daAuts
     D:7: 1012 daAuts

Table legend:
 A = Non-vault XP
 B = Vault XP
 C = Vault XP percentage of total XP
 D = Non-vault monster count
 E = Vault monster count
 F = Vault count percentage of total count
                 A         B        C        D         E       F
            +---------+---------+-------+---------+---------+-------
      Total |   34371 |   25153 |  42.3 |     305 |     133 |  30.4
            +---------+---------+-------+---------+---------+-------
        D:1 |      60 |       0 |   0.0 |      28 |       0 |   0.0
        D:2 |      38 |       0 |   0.0 |      14 |       0 |   0.0
        D:3 |      95 |       8 |   7.8 |      17 |       4 |  19.0
        D:4 |     244 |     236 |  49.2 |      19 |       9 |  32.1
        D:5 |     530 |     910 |  63.2 |      22 |       2 |   8.3
        D:6 |     915 |       0 |   0.0 |      16 |       0 |   0.0
        D:7 |    1035 |      98 |   8.6 |      26 |       2 |   7.1
        D:8 |    2365 |     658 |  21.8 |      27 |      10 |  27.0
        D:9 |    3865 |    1524 |  28.3 |      30 |       4 |  11.8
       D:10 |    2839 |    5103 |  64.3 |      15 |      24 |  61.5
       D:11 |     641 |    3296 |  83.7 |       3 |      27 |  90.0
     Lair:1 |    3332 |    1016 |  23.4 |      11 |       3 |  21.4
     Lair:2 |    4412 |    1765 |  28.6 |      17 |       3 |  15.0
     Lair:3 |    4426 |    7031 |  61.4 |      20 |      17 |  45.9
     Lair:4 |    8217 |     553 |   6.3 |      30 |       9 |  23.1
     Lair:5 |    1094 |    2027 |  64.9 |       5 |      10 |  66.7
      Orc:1 |     263 |     928 |  77.9 |       5 |       9 |  64.3
            +---------+---------+-------+---------+---------+-------
